 Dungeon Crawl Stone Soup version 0.31-a0-188-g5e087ee2ca (webtiles) character file.

Game seed: 8423896472807573883

1663 qw the Skirmisher (level 8, -2/46 HPs)
             Began as a Deep Elf Hunter on June 23, 2023.
             Was an Initiate of Okawaru.
             Slain by an orc warrior
             ... wielding a +0 mace
              (5 damage)
             ... on level 6 of the Dungeon.
             The game lasted 00:02:04 (5201 turns).

qw the Skirmisher (Deep Elf Hunter)                 Turns: 5201, Time: 00:02:05

Health: -2/46      AC: 12    Str: 16    XL:     8   Next: 69%
Magic:  10/10      EV: 13    Int: 15    God:    Okawaru [......]
Gold:   70         SH:  0    Dex: 18    Spells: 7/7 levels left

rFire   . . .        Y - +1 shortbow
rCold   . . .        (shield currently unavailable)
rNeg    . . .        j - +3 ring mail {Will+}
rPois   .            d - +2 helmet
rElec   .            (no cloak)
rCorr   .            e - +0 pair of gloves
SInv    .            (no boots)
Will    +....        (no amulet)
Stlth   +            a - +6 ring of strength
HPRegen 0.27/turn    (no ring)
MPRegen 0.12/turn

%: no passive effects
@: about to teleport
A: no striking features
a: Renounce Religion


You were on level 6 of the Dungeon.
You worshipped Okawaru.
Okawaru was noncommittal.
You visited 2 branches of the dungeon, and saw 7 of its levels.

You collected 308 gold pieces.
You spent 238 gold pieces at shops.


   Skills:
 - Level 3.2 Fighting
 + Level 13.2 Ranged Weapons
 - Level 1.0 Armour
 - Level 5.4 Dodging
 - Level 1.2 Stealth
 - Level 1.3 Invocations


You had 7 spell levels left.
You didn't know any spells.
Your spell library was empty.

Inventory:

Hand Weapons
 Y - a +1 shortbow (weapon)
Armour
 d - a +2 helmet (worn)
 e - a +0 pair of gloves (worn)
 f - a +0 robe of cold resistance
 j - a +3 ring mail of willpower (worn)
Jewellery
 a - a +6 ring of strength (left hand)
 k - a ring of fire
Scrolls
 h - 2 scrolls of identify
Potions
 b - a potion of might
 c - a potion of haste
 g - 3 potions of degeneration {unknown}
 i - 5 potions of curing

Dungeon Overview and Level Annotations

Branches:
Dungeon (6/15)             Temple (1/1) D:5

Altars:
Ashenzari
Cheibriados
Dithmenos
Elyvilon
Fedhas
Gozag
Hepliaklqana
Kikubaaqudgha
Makhleb
Nemelex Xobeh
Okawaru
Qazlal
Ru
Sif Muna
Trog
Uskayaw
Wu Jian
Xom
Yredelemnul
Zin

Shops:
D:2 *   D:4 =[:[   D:6 [


Message History

You shoot an arrow. The arrow hits the troll!
The troll is heavily wounded.
The troll bites you but does no damage. The troll closely misses you.
The troll claws you.
You shoot an arrow. The arrow barely misses the troll.
The orc hits you but does no damage. The troll bites you.
The troll closely misses you. The troll misses you.
You shoot an arrow.
The arrow hits the troll but does no damage.
The troll is moderately wounded.
The orc hits you with a +0 mace. The troll closely misses you.
The troll claws you! The troll completely misses you.
You shoot an arrow. The arrow hits the troll!
The troll is heavily wounded.
The troll misses you. The troll claws you but does no damage.
The troll claws you.
You shoot an arrow. The arrow hits the troll.
The troll is severely wounded.
You shoot an arrow. The arrow completely misses the troll.
The troll barely misses you. The troll misses you. The troll claws you.
You shoot an arrow.
The arrow hits the troll but does no damage.
The troll is severely wounded.
The orc warrior hits you but does no damage.
The troll bites you but does no damage. The troll completely misses you.
The troll claws you but does no damage. The orc misses you.
You shoot an arrow. The arrow hits the troll.
The troll is severely wounded.
The orc warrior misses you. The troll bites you!
The troll claws you but does no damage. x2; The orc hits you with a +0 mace.
5200 ||| READING scroll of teleportation.
As you read the scroll of teleportation, it crumbles to dust.
You feel strangely unstable. The orc warrior misses you.
The troll barely misses you. The troll claws you but does no damage.
The troll claws you. The orc barely misses you.
You shoot an arrow. The arrow hits the troll!
The troll is almost dead.
The orc warrior hits you with a +0 mace.
You die...

##.# ##.# ##%...# ..#
#.###..#..# #.##
#..#...#..# #..#
##.....#..##
###..####..###.....#
.####.....##..##
##..#..
.............## #..###
..........##..## #..#
#
#.....T@.####..####..#
##....oo## ##....##..#
##....## #..##.....#
##..# #..####...## ##.
#.#####....## ..
##............ ).
#.#####......# ..# #.#
#...#.## #.# #..####


You could see a troll, an orc warrior and an orc.

Vanquished Creatures
  Sigmund (D:2)
  Eustachio (D:5)
  A water moccasin (D:5)
  3 ogres
  A phantom (D:5)
  Blork the orc (D:6)
  A gnoll sergeant (D:5)
  4 scorpions
  A jelly (D:6)
  2 sleepcaps
  7 hounds
  2 iguanas
  8 gnolls
  5 adders
  2 white imps
  An ufetubus (D:5)
  A worm (D:5)
  2 dart slugs
  5 orcs
  9 endoplasms
  6 giant cockroaches
  5 goblins
  8 hobgoblins
  4 quokkas
  8 ball pythons
  5 bats
  3 frilled lizards
  7 kobolds
  3 rats
107 creatures vanquished.

Notes
Turn   | Place    | Note
-------+----------+-------------------------------------------
     0 | D:1      | qw the Deep Elf Hunter began the quest for the Orb.
     0 | D:1      | Reached XP level 1. HP: 12/12 MP: 3/3
     0 | D:1      | 0 ||| qw: Version: 0.3-a-9-g12657ce
     0 | D:1      | 0 ||| qw: Game counter: 3397
     0 | D:1      | 0 ||| qw: Always use a shield: true
     0 | D:1      | 0 ||| qw: God list: Okawaru
     0 | D:1      | 0 ||| qw: Allow faded altars: false
     0 | D:1      | 0 ||| qw: Do Orc after D:15 true
     0 | D:1      | 0 ||| qw: Do second Lair branch before Depths: true
     0 | D:1      | 0 ||| qw: Lair rune preference: random
     0 | D:1      | 0 ||| qw: Plans: Normal
     0 | D:1      | 0 ||| PLANNING D:1-11
    84 | D:1      | Reached skill level 6 in Ranged Weapons
    84 | D:1      | Reached XP level 2. HP: 7/16 MP: 4/4
   143 | D:1      | 143 ||| FLEEEEING.
   144 | D:1      | 144 ||| FLEEEEING.
   323 | D:1      | Reached XP level 3. HP: 20/20 MP: 5/5
   586 | D:1      | Found a faded altar of an unknown god.
   697 | D:1      | 697 ||| UPGRADING to +0 scale mail.
   707 | D:1      | 707 ||| DROPPING +0 leather armour.
   708 | D:1      | 708 ||| UPGRADING to +3 ring mail of willpower.
   718 | D:1      | 718 ||| DROPPING +0 scale mail.
   719 | D:1      | 719 ||| READING scroll labelled PACVAF YVVA.
   720 | D:1      | 720 ||| READING scroll labelled DOERAK FEERPHYSCH.
   721 | D:1      | 721 ||| READING scroll labelled TOUTIC ZUTIU.
   722 | D:1      | 722 ||| DROPPING scroll of butterflies.
   753 | D:2      | Reached skill level 7 in Ranged Weapons
   773 | D:2      | Identified the +2 robe "Beahogen" {Rampage SInv}
   791 | D:2      | Noticed Sigmund
   807 | D:2      | Killed Sigmund
   808 | D:2      | Reached skill level 9 in Ranged Weapons
   808 | D:2      | Reached XP level 4. HP: 25/25 MP: 6/6
   808 | D:2      | Reached XP level 5. HP: 29/29 MP: 7/7
   967 | D:2      | Found Ythaupli's Assorted Antiques.
   973 | D:2      | 973 ||| BUYING 2 ruby potions (50 gold).
   973 | D:2      | Bought 2 ruby potions for 50 gold pieces
   973 | D:2      | 973 ||| SHOPLISTING glowing helmet (210 gold, have 81).
   973 | D:2      | 973 ||| BUYING green potion (25 gold).
   973 | D:2      | Bought a green potion for 25 gold pieces
   973 | D:2      | 973 ||| BUYING scroll of identify (56 gold).
   973 | D:2      | Bought a scroll of identify for 56 gold pieces
   973 | D:2      | 973 ||| SHOPLISTING thin silver amulet (140 gold, have 0).
  1047 | D:2      | 1047 ||| DROPPING +0 sling of freezing.
  1240 | D:2      | 1240 ||| DROPPING +2 robe "Beahogen" {Rampage SInv}.
  1241 | D:2      | 1241 ||| UPGRADING to +0 pair of gloves.
  1246 | D:2      | 1246 ||| READING scroll labelled CIXKOUFI HODIV.
  1249 | D:2      | 1249 ||| READING scroll labelled SIGYARU RIVIAWK.
  1250 | D:2      | 1250 ||| DRINKING 3 ruby potions.
  1259 | D:2      | 1259 ||| DRINKING 2 viscous inky potions.
  1260 | D:2      | 1260 ||| DRINKING 2 green potions.
  1261 | D:2      | 1261 ||| DROPPING 2 potions of ambrosia.
  1262 | D:2      | 1262 ||| DROPPING potion of attraction.
  1263 | D:2      | 1263 ||| DROPPING potion of brilliance.
  1362 | D:3      | Found a blossoming altar of Fedhas.
  1453 | D:3      | Reached XP level 6. HP: 35/35 MP: 8/8
  1704 | D:3      | Found a shimmering blue altar of Sif Muna.
  1792 | D:3      | 1792 ||| DROPPING +0 leather armour of cold resistance.
  1793 | D:3      | 1793 ||| READING 2 scrolls labelled TYSIZE CUQAX.
  1794 | D:3      | 1794 ||| READING scroll labelled BAVEXY ZYDEERGH.
  1795 | D:3      | 1795 ||| DRINKING 2 bubbling purple potions.
  1796 | D:3      | 1796 ||| READING 2 scrolls of identify.
  1796 | D:3      | 1796 ||| IDENTIFYING coppery potion
  1797 | D:3      | 1797 ||| DROPPING scroll of vulnerability.
  1828 | D:4      | Reached skill level 10 in Ranged Weapons
  1828 | D:4      | 1828 ||| FLEEEEING.
  1829 | D:4      | 1829 ||| FLEEEEING.
  1830 | D:4      | 1830 ||| FLEEEEING.
  1831 | D:4      | 1831 ||| STAIRDANCE
  2100 | D:4      | Reached skill level 3 in Dodging
  2122 | D:4      | Found Hut Zoiv's Book Shop.
  2159 | D:4      | Reached skill level 1 in Armour
  2273 | D:4      | Found Loleiv's Antique Armour Emporium.
  2281 | D:4      | 2281 ||| SHOPLISTING cloak (94 gold, have 46).
  2281 | D:4      | 2281 ||| SHOPLISTING embroidered scarf (168 gold, have 46).
  2281 | D:4      | 2281 ||| SHOPLISTING runed helmet (157 gold, have 46).
  2441 | D:4      | Found Wetedaefoc's Jewellery Boutique.
  2446 | D:4      | 2446 ||| SHOPLISTING +4 ring of protection (504 gold, have
                  | 46).
  2446 | D:4      | 2446 ||| SHOPLISTING +6 ring of dexterity (504 gold, have
                  | 46).
  2446 | D:4      | 2446 ||| SHOPLISTING +6 ring of strength (504 gold, have
                  | 46).
  2446 | D:4      | 2446 ||| SHOPLISTING amulet of Elemental Vulnerability
                  | {rPois rF-- rC-- AC+8} (536 gold, have 46).
  2446 | D:4      | 2446 ||| SHOPLISTING ring "Vekihot" {SInv Stlth+} (347
                  | gold, have 46).
  2446 | D:4      | 2446 ||| SHOPLISTING ring of ice (350 gold, have 46).
  2446 | D:4      | 2446 ||| SHOPLISTING ring of poison resistance (280 gold,
                  | have 46).
  2446 | D:4      | 2446 ||| SHOPLISTING ring of protection from fire (350
                  | gold, have 46).
  2646 | D:4      | Found Xarreff's Antique Armour Boutique.
  3022 | D:4      | 3022 ||| UPGRADING to +2 helmet.
  3027 | D:4      | 3027 ||| UPGRADING to +6 ring of strength.
  3056 | D:5      | Entered Level 5 of the Dungeon
  3101 | D:5      | Found a staircase to the Ecumenical Temple.
  3101 | D:5      | Noticed a water moccasin
  3102 | D:5      | 3102 ||| PLANNING TEMPLE
  3114 | D:5      | Killed a water moccasin
  3115 | D:5      | Reached XP level 7. HP: 24/40 MP: 9/9
  3265 | D:5      | Reached skill level 11 in Ranged Weapons
  3282 | D:5      | HP: 10/40 [gnoll sergeant/+0 spear (2)]
  3283 | D:5      | 3283 ||| READING scroll of teleportation.
  3734 | D:5      | 3734 ||| READING scroll labelled OWEAMYTHRUE.
  3735 | D:5      | 3735 ||| READING 4 scrolls of identify.
  3735 | D:5      | 3735 ||| IDENTIFYING clear potion
  3736 | D:5      | 3736 ||| READING 3 scrolls of identify.
  3736 | D:5      | 3736 ||| IDENTIFYING cyan potion
  3737 | D:5      | 3737 ||| READING 2 scrolls of identify.
  3737 | D:5      | 3737 ||| IDENTIFYING bubbling cyan potion
  3738 | D:5      | 3738 ||| DROPPING potion of magic.
  3785 | Temple   | Entered the Ecumenical Temple
  3794 | Temple   | 3794 ||| PLANNING OKAWARU WORSHIP
  3847 | Temple   | Became a worshipper of Warmaster Okawaru
  3848 | Temple   | 3848 ||| PLANNING D:1-11
  3901 | D:5      | Noticed Eustachio
  3923 | D:5      | Killed Eustachio
  3924 | D:5      | Reached skill level 12 in Ranged Weapons
  3924 | D:5      | Reached XP level 8. HP: 33/44 MP: 10/10
  4052 | D:5      | HP: 10/44 [ogre/+0 giant spiked club (7)]
  4053 | D:5      | 4053 ||| DRINKING potion of heal wounds.
  4179 | D:5      | Reached skill level 3 in Fighting
  4460 | D:5      | Reached skill level 13 in Ranged Weapons
  4767 | D:6      | Found Miuvytou's Antique Armour Shop.
  4771 | D:6      | 4771 ||| BUYING embroidered robe (107 gold).
  4771 | D:6      | Bought an embroidered robe for 107 gold pieces
  4771 | D:6      | 4771 ||| SHOPLISTING pair of runed gloves (217 gold, have
                  | 43).
  4774 | D:6      | Noticed Blork the orc
  4779 | D:6      | Killed Blork the orc
  4789 | D:6      | Found a burning altar of Makhleb.
  4789 | D:6      | Found a snail-covered altar of Cheibriados.
  4791 | D:6      | Found an ancient bone altar of Kikubaaqudgha.
  4823 | D:6      | Found a shadowy altar of Dithmenos.
  4823 | D:6      | Found a basalt altar of Yredelemnul.
  4870 | D:6      | Reached * piety under Okawaru
  4873 | D:6      | Reached skill level 1 in Invocations
  5133 | D:6      | 5133 ||| INVOKING Heroism.
  5184 | D:6      | Noticed a troll
  5199 | D:6      | HP: 8/46 [troll (9)]
  5200 | D:6      | 5200 ||| READING scroll of teleportation.
  5200 | D:6      | HP: 3/46 [troll (3)]
  5201 | D:6      | Slain by an orc warrior

Levels and vault maps discovered:
D:1:      amcnicky_arrival_flooded_fountain, layout_loops_ring,
          hellmonk_ecumenical_altar_arch_garden, minmay_vboxes
D:2:      layout_rooms, serial_shops, nicolae_shop_rolling_square, uniq_sigmund
D:3:      layout_loops_ring, fedhas_ov_isle_minmay, lemuel_crystal_altar,
          minmay_misc_feat_rows
D:4:      layout_layer_cave, serial_shops, kennysheep_mini,
          nicolae_shop_just_a_little_nook, nicolae_shop_peninsula,
          nicolae_shop_rolling_square, corexii_shack
D:5:      layout_basic, temple_pool_b, uniq_eustachio
D:6:      layout_layer_cave, old_standard_altar, grunt_temple_overflow_open,
          serial_shops, shop, uniq_prince_ribbit1, uniq_blork_the_orc
Temple:   cyrus_circular_temple

Skill      XL: |  1  2  3  4  5  6  7  8 |
---------------+-------------------------+-----
Ranged Weapons | 6 9 10 12 13 | 13.2
Fighting       | 2 3 |  3.2
Dodging        | 3 4 5 |  5.4
Armour         | 1 |  1.0
Invocations    | 1 |  1.3
Stealth        | |  1.2

Action                     |  1- 3 |  4- 6 |  7- 9 || total
---------------------------+-------+-------+-------++-------
   Fire: Shortbow          |   102 |   171 |   223 ||   496
 Invoke: Heroism           |       |       |     1 ||     1
    Use: Scroll            |     3 |     5 |     6 ||    14
         Potion            |       |     4 |     1 ||     5
 Armour: Ring mail         |     7 |    19 |    52 ||    78
         Leather armour    |     2 |       |       ||     2
  Dodge: Dodged            |    18 |    38 |    68 ||   124

Table legend:
 A = Non-vault XP
 B = Vault XP
 C = Vault XP percentage of total XP
 D = Non-vault monster count
 E = Vault monster count
 F = Vault count percentage of total count
                 A         B        C        D         E       F
            +---------+---------+-------+---------+---------+-------
      Total |    1858 |     519 |  21.8 |      98 |       9 |   8.4
            +---------+---------+-------+---------+---------+-------
        D:1 |      52 |       7 |  11.9 |      21 |       5 |  19.2
        D:2 |      59 |     223 |  79.1 |      21 |       1 |   4.5
        D:3 |      58 |       0 |   0.0 |      13 |       0 |   0.0
        D:4 |     309 |       2 |   0.6 |      14 |       1 |   6.7
        D:5 |    1080 |     197 |  15.4 |      23 |       1 |   4.2
        D:6 |     300 |      90 |  23.1 |       6 |       1 |  14.3
            +---------+---------+-------+---------+---------+-------
